[Event "Titled Tuesday Blitz July 4 Late 2023"]
[White "Caruana, Fabiano"]
[Black "Kamsky, Gata"]
[WhiteFideId "2020009"]
[BlackFideId "2000024"]
[WhiteElo "3104"]
[BlackElo "2999"]
[Result "1-0"]
[Round "5"]
[TimeControl "180+2"]
[Date "2023.07.04"]
[WhiteClock "0:00:29"]
[BlackClock "0:00:05"]
[Board "2"]

1. d4 f5 2. c4 Nf6 3. Nc3 e6 4. Bf4 b6 5. e3 Bb7 6. a3 g6 7. Nf3 Bg7 8. Be2 O-O 9. O-O Ne4 10. Rc1 Nxc3 11. Rxc3 d6 12. c5 bxc5 13. Bc4 d5 14. Be2 Nd7 15. Rc1 c6 16. Bd6 Re8 17. dxc5 a5 18. b4 axb4 19. axb4 Ba6 20. Nd4 Bxe2 21. Qxe2 Qc8 22. b5 cxb5 23. Nxb5 Qa6 24. Rfe1 Rec8 25. h3 Ne5 26. Nc7 Qxe2 27. Rxe2 Nd3 28. Rd1 Rxc7 29. Bxc7 Nxc5 30. Rc2 Ne4 31. Bb6 Be5 32. Rdc1 g5 33. Rc8+ Rxc8 34. Rxc8+ Kf7 35. Bd4 Bxd4 36. exd4 h5 37. Kf1 h4 38. Ke2 Kf6 39. Rd8 Ke7 40. Ra8 Kf6 41. Ra7 Kg6 42. Ra3 f4 43. Ra8 Nd6 44. Ra6 Nf5 45. Rxe6+ Kf7 46. Re5 Nxd4+ 47. Kd3 Ne6 48. Rxd5 f3 49. Rf5+ Kg6 50. Rxf3 1-0


[Site "https://www.chess.com"]

[Event "Titled Tuesday Blitz July 4 Late 2023"]
[White "Sjugirov, Sanan"]
[Black "Mamedov, Rauf"]
[WhiteFideId "4189302"]
[BlackFideId "13401653"]
[WhiteElo "2971"]
[BlackElo "3055"]
[Result "0-1"]
[Round "5"]
[TimeControl "180+2"]
[Date "2023.07.04"]
[WhiteClock "0:00:00"]
[BlackClock "0:00:09"]
[Board "3"]

1. e4 c5 2. Nf3 Nc6 3. Bb5 Nf6 4. Bxc6 dxc6 5. d3 Qc7 6. Nbd2 e5 7. Nc4 Nd7 8. a4 b6 9. b3 Bd6 10. O-O O-O 11. Nh4 Re8 12. Nf5 Bf8 13. Bb2 Nf6 14. Qf3 g6 15. Nfd6 Bxd6 16. Qxf6 Re6 17. Qg5 f6 18. Qg3 g5 19. Ne3 Re8 20. Qf3 Qf7 21. g4 Bf8 22. Kg2 h5 23. gxh5 Kh7 24. Nf5 Be6 25. h4 gxh4 26. Rh1 Bh6 27. Nxh6 Kxh6 28. Rxh4 Rg8+ 29. Kh2 Kh7 30. Bc1 Qg7 31. Be3 Raf8 32. Rh1 f5 33. h6 Qg6 34. exf5 Rxf5 35. Qxc6 Rf6 36. Qb7+ Rf7 37. Qe4 Bf5 38. Qd5 e4 39. Bg5 exd3 40. cxd3 Be6 41. Qe4 Rxf2+ 42. Kg3 Rf5 43. Rg4 Qxg5 44. Rxg5 Rxg5+ 0-1


[Site "https://www.chess.com"]

[Event "Titled Tuesday Blitz July 4 Late 2023"]
[White "Oparin, Grigoriy"]
[Black "Lazavik, Denis"]
[WhiteFideId "24125890"]
[BlackFideId "13515110"]
[WhiteElo "2958"]
[BlackElo "3052"]
[Result "0-1"]
[Round "5"]
[TimeControl "180+2"]
[Date "2023.07.04"]
[WhiteClock "0:00:43"]
[BlackClock "0:00:25"]
[Board "4"]

1. d4 Nf6 2. c4 e6 3. Nf3 d5 4. g3 Be7 5. Bg2 O-O 6. Qc2 c5 7. dxc5 Qa5+ 8. Nc3 dxc4 9. O-O Qxc5 10. Bg5 Nbd7 11. Rac1 h6 12. Be3 Qh5 13. Ne4 Nd5 14. Bd4 b5 15. b3 cxb3 16. Qxb3 b4 17. Nc5 Nc3 18. Bxc3 bxc3 19. Nxd7 Bxd7 20. Rxc3 Rab8 21. Qc2 Rfc8 22. Nd4 Rxc3 23. Qxc3 Qc5 24. Qd3 Be8 25. Rd1 Rd8 26. f4 Ba4 27. Rd2 Qc1+ 28. Kf2 Rxd4 29. Qxd4 Bc5 0-1


[Site "https://www.chess.com"]

[Event "Titled Tuesday Blitz July 4 Late 2023"]
[White "Chigaev, Maksim"]
[Black "Bortnyk, Olexandr"]
[WhiteFideId "4108116"]
[BlackFideId "14120828"]
[WhiteElo "2950"]
[BlackElo "3034"]
[Result "0-1"]
[Round "5"]
[TimeControl "180+2"]
[Date "2023.07.04"]
[WhiteClock "0:00:02"]
[BlackClock "0:01:02"]
[Board "5"]

1. e4 Nf6 2. e5 Nd5 3. d4 d6 4. c4 Nb6 5. f4 dxe5 6. fxe5 Bf5 7. Be3 e6 8. Nc3 Bb4 9. Rc1 Qh4+ 10. Bf2 Qe4+ 11. Qe2 Nxc4 12. Qxe4 Bxe4 13. a3 Bxc3+ 14. Rxc3 Nxb2 15. Nf3 Bc6 16. h4 O-O 17. h5 h6 18. Rh3 Nd7 19. Rg3 Nb6 20. Nd2 Rad8 21. Rb3 N2a4 22. Bd3 Nd5 23. Ne4 Nf4 24. Bb1 Nxh5 25. Rg4 f5 26. exf6 Nxf6 27. Nxf6+ Rxf6 28. Bh4 g5 29. Bg3 Bd5 30. Rb4 Nc3 31. Bxc7 Rdf8 32. Bd3 Rf2 33. Bd6 R8f7 34. Bg6 Re2# 0-1


[Site "https://www.chess.com"]

[Event "Titled Tuesday Blitz July 4 Late 2023"]
[White "Talibov, Shiroghlan"]
[Black "Bluebaum, Matthias"]
[WhiteFideId "13429078"]
[BlackFideId "24651516"]
[WhiteElo "2818"]
[BlackElo "3028"]
[Result "0-1"]
[Round "5"]
[TimeControl "180+2"]
[Date "2023.07.04"]
[WhiteClock "0:00:00"]
[BlackClock "0:00:11"]
[Board "6"]

1. e4 e6 2. d4 d5 3. Nd2 c5 4. Ngf3 Nf6 5. exd5 Nxd5 6. Bb5+ Bd7 7. Bxd7+ Nxd7 8. O-O cxd4 9. Nxd4 Be7 10. c3 O-O 11. Qe2 N7f6 12. Ne4 Qc7 13. Re1 h6 14. Bd2 a6 15. Rad1 Rad8 16. Bc1 Nxe4 17. Qxe4 Bf6 18. g3 Rd6 19. Qg4 Kh8 20. Qh5 Rfd8 21. Re4 Bxd4 22. Rexd4 Nf6 23. Qh4 e5 24. Rxd6 Rxd6 25. Re1 Kh7 26. Bg5 Nd7 27. Be3 Qc6 28. Qh5 Kg8 29. Rd1 Nf6 30. Qe2 Rxd1+ 31. Qxd1 Nd5 32. Qd3 b5 33. Qe4 Qe6 34. a3 f5 35. Qd3 Kf7 36. Bd2 Nf6 37. Qe3 Qd5 38. Qe2 Ne4 39. Be3 Kg6 40. f3 Nd6 41. Bf2 Nc4 42. h3 Qd2 43. Qxd2 Nxd2 44. Kg2 Nc4 45. b3 Nxa3 46. Be3 Nb1 47. c4 bxc4 48. bxc4 Na3 49. c5 Kf6 50. c6 Ke6 51. Bc5 Nb5 52. Bf8 Kf7 53. Bc5 h5 54. g4 g6 55. gxh5 gxh5 56. Kg3 Ke6 57. Kh4 Kd5 58. Bb4 Kxc6 59. Kxh5 Kd5 60. Kg5 e4 61. fxe4+ Kxe4 62. h4 f4 63. h5 f3 64. Bc5 Nd4 65. Bxd4 Kxd4 66. h6 f2 67. h7 f1=Q 68. h8=Q+ Kc4 69. Qc8+ Kb3 70. Qb7+ Qb5+ 71. Qxb5+ axb5 0-1


[Site "https://www.chess.com"]

[Event "Titled Tuesday Blitz July 4 Late 2023"]
[White "Martinez Alcantara, Jose Eduardo"]
[Black "Rustemov, Alexander"]
[WhiteFideId "3805662"]
[BlackFideId "4119002"]
[WhiteElo "3024"]
[BlackElo "2817"]
[Result "1-0"]
[Round "5"]
[TimeControl "180+2"]
[Date "2023.07.04"]
[WhiteClock "0:00:27"]
[BlackClock "0:00:00"]
[Board "7"]

1. e4 e6 2. d4 d5 3. Nd2 dxe4 4. Nxe4 Bd7 5. Nf3 Bc6 6. Bd3 Nd7 7. Qe2 Ngf6 8. Ned2 Be7 9. O-O O-O 10. Rd1 Nd5 11. Nc4 Nb4 12. Be4 Bxe4 13. Qxe4 c5 14. Bf4 Nf6 15. Qxb7 Nxc2 16. dxc5 Nd5 17. Rac1 Ncb4 18. a3 Qc8 19. Qxc8 Rfxc8 20. Bd6 Nc6 21. b4 Bxd6 22. Nxd6 Rc7 23. b5 Na5 24. c6 Kf8 25. Ne5 f6 26. Nd3 Ke7 27. Nc4 Nb3 28. Rb1 Nd4 29. Re1 a6 30. a4 Nc3 31. f3 axb5 32. axb5 Ndxb5 33. Nb6 Rd8 34. Nb4 Nxb1 35. N6d5+ Kd6 36. Nxc7 Kxc7 37. Rxb1 Nc3 38. Ra1 Rd1+ 39. Rxd1 Nxd1 40. Kf1 Ne3+ 41. Kf2 Nf5 42. g4 Ne7 43. Nd3 Nxc6 44. Nf4 Kd7 45. Nh5 Ke7 46. Nxg7 Kf7 47. Nh5 Ne5 48. Ke3 Ng6 49. Ng3 Ne7 50. Ke4 Nd5 51. f4 Ne7 52. Kf3 Kg6 53. h4 Kf7 54. Ke4 Ng6 55. h5 Ne7 56. Kf3 Kg7 57. Ne2 Kf7 58. Nd4 Kg7 59. Nxe6+ Kf7 60. Nd4 Nc8 61. Nf5 Kf8 62. Ke4 Kf7 63. Kd5 Nb6+ 64. Kc5 Na4+ 65. Kd4 Nb6 66. Ne3 Na4 67. Nc4 Ke6 68. h6 Kf7 69. f5 Ke7 70. Ne3 Kf7 71. Nc4 Ke7 72. Ne3 Kf7 73. Nd5 Nb2 74. Ke4 Nd1 75. Kf3 Nb2 76. Ne3 Nd3 77. Kg3 Ne5 78. Nd5 Nd7 79. Kf4 Nc5 80. Nb4 Nd7 81. Nc6 Nc5 82. Ke3 Nd7 83. Kd4 Kf8 84. Kd5 Kf7 85. Kd6 Nb6 86. Nd8+ Ke8 87. Nb7 Kf7 88. Kc6 Nc4 89. Nd6+ Nxd6 90. Kxd6 Kf8 91. Ke6 Kg8 92. Kxf6 Kh8 93. g5 Kg8 94. g6 Kh8 95. Ke7 Kg8 96. gxh7+ Kh8 97. f6 Kxh7 98. f7 1-0


[Site "https://www.chess.com"]

[Event "Titled Tuesday Blitz July 4 Late 2023"]
[White "Nakamura, Hikaru"]
[Black "Xiong, Jeffery"]
[WhiteFideId "2016192"]
[BlackFideId "2047640"]
[WhiteElo "3179"]
[BlackElo "2942"]
[Result "1-0"]
[Round "5"]
[TimeControl "180+2"]
[Date "2023.07.04"]
[WhiteClock "0:01:03"]
[BlackClock "0:01:07"]
[Board "8"]

1. e4 e6 2. d3 c5 3. Nd2 Nc6 4. g3 g6 5. Bg2 Bg7 6. f4 Nge7 7. Ngf3 O-O 8. O-O d6 9. Re1 b5 10. g4 f5 11. exf5 exf5 12. g5 Bb7 13. a4 a6 14. c3 Kh8 15. Nf1 b4 16. Bd2 Qd7 17. Ne3 Rae8 18. h4 h5 19. gxh6 Bxh6 20. Ng5 bxc3 21. Bxc3+ Nd4 22. Bxb7 Qxb7 23. Nc4 Qd5 24. Ne6 Bg7 25. Nxf8 Nf3+ 26. Kf2 Nxe1 27. Qxe1 Qxd3 28. Ne6 Bd4+ 29. Bxd4+ cxd4 30. Nxd6 Rb8 31. Qe5+ 1-0


[Site "https://www.chess.com"]

[Event "Titled Tuesday Blitz July 4 Late 2023"]
[White "Erigaisi Arjun"]
[Black "Ibrahimli, Murad"]
[WhiteFideId "35009192"]
[BlackFideId "13410229"]
[WhiteElo "3146"]
[BlackElo "2925"]
[Result "1-0"]
[Round "5"]
[TimeControl "180+2"]
[Date "2023.07.04"]
[WhiteClock "0:00:46"]
[BlackClock "0:00:21"]
[Board "9"]

1. c4 e6 2. g3 Nf6 3. Bg2 d5 4. Nf3 d4 5. O-O Nc6 6. d3 Bc5 7. Bg5 a5 8. Nbd2 Be7 9. Qc2 O-O 10. a3 a4 11. b4 axb3 12. Nxb3 Rxa3 13. Rxa3 Bxa3 14. Ra1 Bb4 15. Ra8 Bc3 16. Nc5 Qd6 17. Na4 Bb4 18. Bxf6 gxf6 19. c5 Qe7 20. Qc4 e5 21. Qb5 e4 22. Nh4 exd3 23. Qxd3 Bxc5 24. Rxc8 Rxc8 25. Qf5 Ra8 26. Be4 Qe5 27. Qxh7+ Kf8 28. Qh8+ Ke7 29. Qxa8 Qxe4 30. Nxc5 Qxe2 31. Nf5# 1-0


[Site "https://www.chess.com"]

[Event "Titled Tuesday Blitz July 4 Late 2023"]
[White "Nihal Sarin"]
[Black "Sanal, Vahap"]
[WhiteFideId "25092340"]
[BlackFideId "6300545"]
[WhiteElo "3125"]
[BlackElo "2893"]
[Result "1-0"]
[Round "5"]
[TimeControl "180+2"]
[Date "2023.07.04"]
[WhiteClock "0:00:14"]
[BlackClock "0:00:24"]
[Board "10"]

1. e4 e5 2. f4 exf4 3. Nf3 Ne7 4. d4 d5 5. Nc3 dxe4 6. Nxe4 Nd5 7. Bd3 Be7 8. O-O O-O 9. Ne5 Nc6 10. Nxc6 bxc6 11. c3 Bf5 12. Bxf4 Nxf4 13. Rxf4 Bg6 14. Nf2 Bd6 15. Rf3 c5 16. Bxg6 hxg6 17. dxc5 Bxc5 18. Qxd8 Raxd8 19. Kf1 a5 20. Rd1 Rxd1+ 21. Nxd1 Rd8 22. Ke2 f5 23. Rd3 Re8+ 24. Kd2 Bb6 25. Ne3 Kf7 26. Nc4 Kf6 27. Nxb6 cxb6 28. Rd6+ Re6 29. Rxe6+ Kxe6 30. a4 g5 31. h3 Ke5 32. Ke3 Kd5 33. Kd3 Ke5 34. b4 Kf4 35. c4 Kg3 36. c5 bxc5 37. bxa5 Kxg2 38. a6 f4 39. a7 1-0


[Site "https://www.chess.com"]

[Event "Titled Tuesday Blitz July 4 Late 2023"]
[White "Grigoriants, Sergey"]
[Black "Firouzja, Alireza"]
[WhiteFideId "4130804"]
[BlackFideId "12573981"]
[WhiteElo "2851"]
[BlackElo "3101"]
[Result "1-0"]
[Round "5"]
[TimeControl "180+2"]
[Date "2023.07.04"]
[WhiteClock "0:00:37"]
[BlackClock "0:00:00"]
[Board "11"]

1. d4 Nf6 2. c4 g6 3. f3 Bg7 4. e4 d6 5. Nc3 O-O 6. Be3 c5 7. Nge2 Nc6 8. Qd2 e6 9. dxc5 dxc5 10. Qxd8 Rxd8 11. Bxc5 Nd7 12. Be3 Nde5 13. Nf4 Nb4 14. Rc1 g5 15. Nh5 Ned3+ 16. Bxd3 Nxd3+ 17. Ke2 Nxc1+ 18. Rxc1 h6 19. h4 gxh4 20. Nxg7 Kxg7 21. Rh1 e5 22. Rxh4 Be6 23. b3 Rh8 24. f4 exf4 25. Bd4+ f6 26. Rxf4 Rhf8 27. Nd5 Bxd5 28. exd5 Kg6 29. Kd3 f5 30. c5 Rae8 31. b4 a6 32. d6 Re1 33. Kc4 Re2 34. a4 Rxg2 35. b5 axb5+ 36. axb5 h5 37. c6 bxc6 38. bxc6 Rc2+ 39. Kd5 Rc8 40. Bc5 Ra8 41. d7 Ra5 42. Rc4 Rd2+ 43. Rd4 Rxd4+ 44. Kxd4 1-0


[Site "https://www.chess.com"]

[Event "Titled Tuesday Blitz July 4 Late 2023"]
[White "Kollars, Dmitrij"]
[Black "Halkias, Stelios"]
[WhiteFideId "12909572"]
[BlackFideId "4201809"]
[WhiteElo "2977"]
[BlackElo "2776"]
[Result "0-1"]
[Round "5"]
[TimeControl "180+2"]
[Date "2023.07.04"]
[WhiteClock "0:00:01"]
[BlackClock "0:00:03"]
[Board "12"]

1. e4 c5 2. c3 Nf6 3. e5 Nd5 4. Bc4 e6 5. d4 cxd4 6. cxd4 d6 7. Nf3 Nb6 8. Bd3 dxe5 9. dxe5 Bd7 10. O-O Bc6 11. Nc3 Be7 12. Qe2 N8d7 13. Be4 Rc8 14. Rd1 h6 15. Bf4 O-O 16. Nd4 Bxe4 17. Qxe4 Nc5 18. Qf3 Qe8 19. Ndb5 a6 20. Nd6 Bxd6 21. exd6 Rc6 22. a4 Ncd7 23. a5 Nc8 24. Rac1 e5 25. Be3 Nxd6 26. Nd5 Rxc1 27. Bxc1 Nb5 28. Qg4 f5 29. Qg3 Kh8 30. Qh4 Qe6 31. Qe7 Re8 32. Qxe6 Rxe6 33. Ne3 Nc5 34. Nxf5 Nb3 35. Be3 N5d4 36. Bxd4 exd4 37. Kf1 Re5 38. Nd6 Rxa5 39. Nxb7 Rd5 40. Rd3 Nc1 41. Rd1 Nb3 42. Ke2 Rd7 43. Kd3 Rxb7 44. Kc2 a5 45. Re1 a4 46. Re8+ Kh7 47. Ra8 Rc7+ 48. Kd3 Re7 49. Kc4 Re2 50. Rxa4 Nd2+ 51. Kd3 Rxf2 52. b4 Nf1 53. Kxd4 Rxg2 54. b5 Rb2 55. Kc5 Ne3 56. b6 Nd5 57. Kxd5 Rxb6 58. Ra2 Rf6 59. Ke4 Kg6 60. Rg2+ Kf7 61. h4 g6 62. Rb2 h5 63. Rb7+ Ke6 64. Rb6+ Kf7 65. Rb7+ Kg8 66. Rb8+ Kg7 67. Rb7+ Kh6 68. Rb4 Rf1 69. Ke3 Kg7 70. Rc4 Kf6 71. Ke2 Rh1 72. Kf3 Rh3+ 73. Kg2 Rd3 74. Rc6+ Kf5 75. Rc5+ Kf4 76. Rg5 Rd6 77. Kh3 Rf6 78. Kh2 Kf3 79. Rg3+ Ke4 80. Rg5 Kf4 81. Rg1 Ke5 82. Re1+ Kf5 83. Rg1 Ke6 84. Rg5 Kf7 85. Ra5 Rf4 86. Kg3 Rg4+ 87. Kh3 Rd4 88. Ra6 Re4 89. Kg2 Rxh4 90. Kg3 Rg4+ 91. Kf3 Kg7 92. Ra8 Kh6 93. Ra5 Rc4 94. Rb5 h4 95. Rd5 g5 96. Rd8 Rc3+ 97. Ke4 h3 98. Kf5 Rg3 99. Rd2 Kh5 100. Rd8 Rf3+ 101. Ke4 g4 102. Rg8 Kh4 0-1


[Site "https://www.chess.com"]

[Event "Titled Tuesday Blitz July 4 Late 2023"]
[White "Paravyan, David"]
[Black "Raja Rithvik R"]
[WhiteFideId "4194985"]
[BlackFideId "35007394"]
[WhiteElo "2977"]
[BlackElo "2790"]
[Result "1-0"]
[Round "5"]
[TimeControl "180+2"]
[Date "2023.07.04"]
[WhiteClock "0:00:05"]
[BlackClock "0:00:00"]
[Board "13"]

1. d4 Nf6 2. c4 e6 3. g3 d5 4. Bg2 dxc4 5. Nf3 Bb4+ 6. Bd2 c5 7. O-O Bxd2 8. Qxd2 Nc6 9. dxc5 O-O 10. Rc1 Qd5 11. Na3 Qxc5 12. Nxc4 Rd8 13. Qe3 Qxe3 14. Nxe3 Bd7 15. Rc4 Rac8 16. Rac1 Kf8 17. Ne1 Nd4 18. Kf1 Rxc4 19. Nxc4 Bc6 20. Bxc6 Nxc6 21. Nf3 Ke7 22. Nce5 Nxe5 23. Nxe5 Nd7 24. Nd3 Nf6 25. Ke1 Nd5 26. a3 b6 27. Ne5 Ke8 28. e4 Ne7 29. Ke2 f6 30. Nd3 e5 31. f4 exf4 32. gxf4 Rc8 33. Rxc8+ Nxc8 34. Ke3 Ke7 35. Kd4 Ke6 36. f5+ Kd6 37. e5+ fxe5+ 38. Nxe5 Ne7 39. Nc4+ Kd7 40. Ne3 Kd6 41. Nc4+ Kd7 42. Ke5 Nc6+ 43. Ke4 h6 44. h4 Ne7 45. a4 Ng8 46. Ne5+ Kd6 47. Ng4 h5 48. Nf2 Nf6+ 49. Kd4 Nd7 50. Ne4+ Ke7 51. b4 Nf6 52. Ng5 Kd6 53. Nf7+ Ke7 54. Ne5 Kd6 55. b5 Nd5 56. Nc4+ 1-0


[Site "https://www.chess.com"]

[Event "Titled Tuesday Blitz July 4 Late 2023"]
[White "Ozer, Omer Faruk"]
[Black "Indjic, Aleksandar"]
[WhiteFideId "6354564"]
[BlackFideId "911925"]
[WhiteElo "2758"]
[BlackElo "2967"]
[Result "0-1"]
[Round "5"]
[TimeControl "180+2"]
[Date "2023.07.04"]
[WhiteClock "0:00:00"]
[BlackClock "0:00:37"]
[Board "14"]

1. e4 e5 2. Nf3 Nc6 3. Bc4 Nf6 4. d3 d5 5. exd5 Nxd5 6. O-O Be7 7. Re1 f6 8. a4 Bg4 9. a5 a6 10. Nc3 Be6 11. Ne2 Qd7 12. c3 O-O 13. Ng3 Bf7 14. Qb3 Rab8 15. Qa2 Bc5 16. h3 Kh8 17. Bd2 Rbd8 18. Rad1 Ba7 19. Bc1 g5 20. Ne4 Bg8 21. d4 exd4 22. cxd4 Ndb4 23. Qb3 Bxc4 24. Qxc4 Qd5 25. Qc3 Na2 26. Qc2 Nxc1 27. Qxc1 Qxa5 28. Nc5 Bxc5 29. dxc5 Qb4 30. Rxd8 Rxd8 31. Re6 Kg7 32. Nxg5 Qd2 33. Qxd2 Rxd2 34. Ne4 Rxb2 35. Ng3 Kf7 36. Re4 Rb4 37. Re2 a5 38. Rd2 Ne5 39. Rd8 Rc4 40. Rh8 Rxc5 41. Rxh7+ Ke6 42. Ne4 Rc4 43. f3 a4 44. Rh6 Nd7 45. Rh5 b6 46. Rh8 f5 47. Re8+ Kf7 48. Rd8 Ke7 0-1


[Site "https://www.chess.com"]

[Event "Titled Tuesday Blitz July 4 Late 2023"]
[White "Andreikin, Dmitry"]
[Black "De Prado Rodriguez, Oscar Bruno"]
[WhiteFideId "4158814"]
[BlackFideId "2203600"]
[WhiteElo "2967"]
[BlackElo "2665"]
[Result "1-0"]
[Round "5"]
[TimeControl "180+2"]
[Date "2023.07.04"]
[WhiteClock "0:01:17"]
[BlackClock "0:00:30"]
[Board "15"]

1. e4 d5 2. exd5 Qxd5 3. Nc3 Qd6 4. d4 Nf6 5. Nf3 g6 6. Nb5 Qb6 7. c4 c6 8. Nc3 Bg7 9. h3 O-O 10. Be2 Rd8 11. Qb3 Na6 12. O-O Qxb3 13. axb3 Nb4 14. Rd1 Bf5 15. Bf4 Bc2 16. Rdc1 a5 17. Bc7 Bxb3 18. Bxd8 Rxd8 19. Rxa5 Bh6 20. Rf1 Nc2 21. Ra7 b6 22. Rxe7 Nxd4 23. Nxd4 Rxd4 24. Rb7 Nd7 25. Bf3 Bxc4 26. Rd1 Rxd1+ 27. Nxd1 Ne5 28. Nc3 Nxf3+ 29. gxf3 b5 30. Rc7 b4 31. Ne4 Bd5 32. Nf6+ Kg7 33. Nxd5 cxd5 34. Rb7 Bd2 35. Kf1 Kf6 36. Ke2 Bc1 37. Rxb4 Ke5 38. Rb7 f5 39. b4 h5 40. Rc7 Ba3 41. b5 Bd6 42. Rc6 g5 43. b6 d4 44. b7 Bb8 45. Rc8 Ba7 46. Ra8 d3+ 47. Kxd3 Kf4 48. Rxa7 1-0


[Site "https://www.chess.com"]

[Event "Titled Tuesday Blitz July 4 Late 2023"]
[White "Stoleriu, George"]
[Black "Naroditsky, Daniel"]
[WhiteFideId "1227505"]
[BlackFideId "2026961"]
[WhiteElo "2678"]
[BlackElo "3133"]
[Result "1/2-1/2"]
[Round "5"]
[TimeControl "180+2"]
[Date "2023.07.04"]
[WhiteClock "0:00:14"]
[BlackClock "0:00:02"]
[Board "16"]

1. e4 Nf6 2. e5 Nd5 3. c4 Nb6 4. d4 d6 5. f4 dxe5 6. fxe5 Nc6 7. Be3 Bf5 8. Nc3 e6 9. Be2 Be7 10. Nf3 O-O 11. O-O f6 12. exf6 Bxf6 13. Qd2 Qe7 14. Rad1 Rad8 15. Qc1 e5 16. d5 Nd4 17. Nxd4 exd4 18. Bxd4 Bg5 19. Qa1 c5 20. Bf2 Bc2 21. Rde1 Rxf2 22. Rxf2 Be3 23. Rf1 Rf8 24. Qe1 Bxf2+ 25. Rxf2 Qe3 26. Kf1 Rxf2+ 27. Qxf2 Qc1+ 28. Qe1 Qf4+ 29. Qf2 Qc1+ 30. Qe1 Qxb2 31. Bg4 Bd3+ 32. Kg1 Bg6 33. Qe6+ Kh8 34. Qd6 Qa1+ 35. Kf2 Qb2+ 36. Kg1 Qa1+ 37. Kf2 Qb2+ 38. Kg1 1/2-1/2


[Site "https://www.chess.com"]

[Event "Titled Tuesday Blitz July 4 Late 2023"]
[White "Fisher_TheGalactic"]
[Black "Tahbaz, Arash"]
[BlackFideId "12528846"]
[WhiteElo "2667"]
[BlackElo "2993"]
[Result "0-1"]
[Round "5"]
[TimeControl "180+2"]
[Date "2023.07.04"]
[WhiteClock "0:00:07"]
[BlackClock "0:00:25"]
[Board "17"]

1. Nf3 Nf6 2. g3 g6 3. Bg2 Bg7 4. O-O O-O 5. d3 c5 6. e4 Nc6 7. c3 d6 8. Nbd2 Nd7 9. Re1 b5 10. Nf1 Rb8 11. Ne3 b4 12. c4 Nde5 13. Nxe5 Nxe5 14. f4 Nc6 15. Kh1 Nd4 16. Nc2 h5 17. Nxd4 Bxd4 18. Qc2 h4 19. Be3 hxg3 20. Bxd4 cxd4 21. hxg3 e5 22. Rf1 Kg7 23. Kg1 Bd7 24. Qf2 Qe7 25. f5 Qg5 26. f6+ Kh7 27. Bf3 Qxf6 28. Qh2+ Kg7 29. Bg4 Qe7 30. Bxd7 Qxd7 31. Qf2 f5 32. exf5 Rxf5 33. Qg2 Rbf8 34. Rxf5 Qxf5 35. Rd1 Rf7 36. Qe2 g5 37. Kg2 g4 38. b3 Qf3+ 39. Qxf3 Rxf3 40. Rd2 Kf6 41. Rd1 Ke6 42. Rd2 a5 43. Rd1 Kd7 44. Rd2 Kc6 45. Rd1 Kb6 46. Rd2 a4 47. Rd1 a3 48. Rd2 Kc7 49. Rd1 Kd7 50. Rd2 Ke6 51. Rd1 Kf5 52. Rd2 e4 53. dxe4+ Kxe4 54. Re2+ Re3 55. Rf2 Kd3 56. Kf1 Rf3 57. Rxf3+ gxf3 58. Kf2 Ke4 59. g4 d3 60. g5 d2 61. g6 d1=Q 62. g7 Qe2+ 63. Kg3 Qg2+ 0-1


[Site "https://www.chess.com"]

[Event "Titled Tuesday Blitz July 4 Late 2023"]
[White "Deac, Bogdan-Daniel"]
[Black "Andrej2004"]
[WhiteFideId "1226380"]
[WhiteElo "2988"]
[BlackElo "2666"]
[Result "1-0"]
[Round "5"]
[TimeControl "180+2"]
[Date "2023.07.04"]
[WhiteClock "0:00:46"]
[BlackClock "0:01:09"]
[Board "18"]

1. b3 b6 2. Bb2 Bb7 3. Nf3 Nf6 4. c4 g6 5. Bxf6 exf6 6. Nc3 f5 7. g3 Bg7 8. Bg2 O-O 9. Rc1 c5 10. O-O Nc6 11. Ne1 Rb8 12. Nc2 Qf6 13. Ne3 Rfe8 14. Ned5 Qd6 15. Nb5 Qf8 16. e3 Ne7 17. Nd6 Nxd5 18. Nxe8 Nxe3 19. dxe3 Qxe8 20. Bxb7 Rxb7 21. Qd5 Rc7 22. Rcd1 Bf8 23. Rfe1 Qe6 24. e4 fxe4 25. Rxe4 Qxd5 26. Rxd5 d6 27. Re8 Kg7 28. g4 h6 29. f4 Be7 30. Kg2 Rd7 31. Kg3 Bf6 32. h4 Bd4 33. g5 hxg5 34. hxg5 f6 35. Kg4 f5+ 36. Kf3 Kf7 37. Re2 Re7 38. Rxd6 1-0


[Site "https://www.chess.com"]

[Event "Titled Tuesday Blitz July 4 Late 2023"]
[White "Aldokhin, Ivan"]
[Black "Pranav, V"]
[WhiteFideId "24115720"]
[BlackFideId "25060783"]
[WhiteElo "2665"]
[BlackElo "2988"]
[Result "0-1"]
[Round "5"]
[TimeControl "180+2"]
[Date "2023.07.04"]
[WhiteClock "0:00:00"]
[BlackClock "0:00:27"]
[Board "19"]

1. e4 c5 2. Nf3 Nc6 3. d4 cxd4 4. Nxd4 Nf6 5. Nc3 e6 6. Nxc6 bxc6 7. Bd3 d5 8. Qe2 Be7 9. O-O O-O 10. Bf4 Bb7 11. Rad1 Nd7 12. Na4 Re8 13. c4 e5 14. Bg3 d4 15. f4 exf4 16. Bxf4 c5 17. e5 Bf6 18. Bxh7+ Kxh7 19. Qh5+ Kg8 20. exf6 Nxf6 21. Qxc5 Re2 22. Rd2 Ne4 23. Qh5 Nxd2 24. Qxe2 Nxf1 25. Qxf1 Qa5 26. b3 Bc6 27. Bd6 Bxa4 28. bxa4 Qxa4 29. Qd3 Qxa2 30. Qxd4 Re8 31. h3 Re2 32. Qg4 Re6 33. c5 a5 34. Qf3 a4 35. Kh2 Qc4 36. Qf5 a3 0-1


[Site "https://www.chess.com"]

[Event "Titled Tuesday Blitz July 4 Late 2023"]
[White "Makarian, Rudik"]
[Black "Guerra Tulcan, Lenin"]
[WhiteFideId "44105681"]
[BlackFideId "3601382"]
[WhiteElo "2950"]
[BlackElo "2658"]
[Result "1-0"]
[Round "5"]
[TimeControl "180+2"]
[Date "2023.07.04"]
[WhiteClock "0:02:15"]
[BlackClock "0:00:48"]
[Board "20"]

1. d4 Nf6 2. c4 c5 3. d5 b5 4. cxb5 a6 5. e3 d6 6. Nc3 g6 7. Nf3 Bg7 8. a4 O-O 9. Ra3 axb5 10. Bxb5 Ba6 11. O-O Bxb5 12. Nxb5 Nbd7 13. Re1 Nb6 14. e4 Nfd7 15. b3 Qb8 16. Bg5 Re8 17. Qd2 c4 18. a5 cxb3 19. axb6 Qxb6 20. Rxb3 Ra5 21. Nbd4 Qa7 22. Nc6 1-0


[Site "https://www.chess.com"]

[Event "Titled Tuesday Blitz July 4 Late 2023"]
[White "MKlose11"]
[Black "Keymer, Vincent"]
[BlackFideId "12940690"]
[WhiteElo "2655"]
[BlackElo "2943"]
[Result "0-1"]
[Round "5"]
[TimeControl "180+2"]
[Date "2023.07.04"]
[WhiteClock "0:00:09"]
[BlackClock "0:00:39"]
[Board "21"]

1. e4 c6 2. Nc3 d5 3. g3 e5 4. Bg2 Nf6 5. d3 d4 6. Nce2 Bb4+ 7. Bd2 a5 8. h3 Bxd2+ 9. Qxd2 a4 10. f4 c5 11. Nf3 Nc6 12. O-O Qe7 13. g4 a3 14. b3 h6 15. Rf2 Bd7 16. fxe5 Nxe5 17. Nxe5 Qxe5 18. Qf4 Qxf4 19. Nxf4 O-O-O 20. e5 Nh7 21. Nd5 Be6 22. Nb6+ Kc7 23. Nc4 b5 24. Nd6 Rxd6 25. exd6+ Kxd6 26. Re1 Nf6 27. Ref1 Rb8 28. Rxf6 gxf6 29. Rxf6 c4 30. Rxh6 cxb3 31. cxb3 Rc8 32. Rh5 Rc5 33. g5 Bxb3 34. axb3 a2 35. Rh6+ Ke5 36. Ra6 Rc1+ 37. Kf2 a1=Q 38. Rxa1 Rxa1 39. Bc6 b4 40. Kf3 Rb1 41. Ba4 Rf1+ 42. Kg4 Rg1+ 43. Kh4 Kf4 44. Be8 Rxg5 45. Bxf7 Rc5 46. Be6 Rc3 47. Kh5 Rxd3 48. h4 Re3 49. Bc4 d3 50. Kg6 d2 0-1


[Site "https://www.chess.com"]

[Event "Titled Tuesday Blitz July 4 Late 2023"]
[White "Svane, Rasmus"]
[Black "Skatchkov, Valery"]
[WhiteFideId "4657101"]
[BlackFideId "24195812"]
[WhiteElo "2937"]
[BlackElo "2643"]
[Result "1/2-1/2"]
[Round "5"]
[TimeControl "180+2"]
[Date "2023.07.04"]
[WhiteClock "0:00:13"]
[BlackClock "0:01:04"]
[Board "22"]

1. Nf3 d5 2. g3 Nd7 3. d4 Nb6 4. Nc3 Nf6 5. Bg2 Bf5 6. Nh4 Bg4 7. h3 Bh5 8. g4 Bg6 9. Nxg6 hxg6 10. e4 dxe4 11. Nxe4 Nxe4 12. Bxe4 c6 13. Bg2 e6 14. O-O Bd6 15. Qe2 Bc7 16. Rd1 Qd6 17. f4 g5 18. c4 gxf4 19. c5 f3 20. Bxf3 Qg3+ 21. Qg2 Nd5 22. Qxg3 Bxg3 23. Kg2 Bc7 24. Bxd5 exd5 25. Bd2 Kd7 26. Rf1 f6 27. Bf4 Bxf4 28. Rxf4 Rae8 29. Raf1 Re2+ 30. R1f2 Rhe8 31. b4 R8e3 32. g5 fxg5 33. Rg4 Rxf2+ 34. Kxf2 Rxh3 35. Rxg5 Rh2+ 36. Ke3 a6 37. Rxg7+ Kc8 38. a4 Rb2 39. b5 axb5 40. axb5 Rxb5 41. Kf4 Rb4 42. Ke5 Kb8 43. Rg1 Rb2 44. Kd6 Rd2 45. Rg4 Ka7 46. Kc7 Ka6 47. Rh4 Rg2 48. Rh1 Rg7+ 49. Kd6 Kb5 50. Rc1 Rg4 51. Rb1+ Kc4 52. Rxb7 Rg6+ 53. Ke5 Rg5+ 54. Kd6 Rg6+ 55. Ke5 Rg5+ 56. Kd6 Rg6+ 1/2-1/2


[Site "https://www.chess.com"]